[ AOE2 MATCH · #457160619 ]
UnrankedTupi vs Ethiopians
Player's team · WIN
[ REPLAY ANALYSIS · EXTRACTED FROM THE RECORDED GAME ]
Feudal
11:37
Castle
21:14
Imperial
37:04
| APM avg | 52.7 |
| APM peak | 76 |
| eAPM avg | 22.0 |
| Villagers / military | 150 / 12 |
Focus
⚔️ 29.3% · 🌾 70.7%
Unknown (2579) ×37 · Archer ×8 · Unknown (2550) ×5 · Monk ×2 · Trebuchet (Packed) ×2
Feudal
9:35
Castle
26:10
Imperial
—
| APM avg | 47.1 |
| APM peak | 75 |
| eAPM avg | 27.3 |
| Villagers / military | 102 / 44 |
Focus
⚔️ 32.5% · 🌾 67.5%
Skirmisher ×20 · Knight ×11 · Archer ×8 · Militia ×3 · Spearman ×1 · Scout Cavalry ×1
Match map
Initial resources + every placement click. Lines = walls · curves = elevation contours. ◆ gold · ⬟ stone · ● berries · ✦ relic · ◌ wall gap
Your base· ✓ Closed at 21:14 · 34t walls · no gate
howdoyouturnthison's base· Open — opponent sealed themselves in
Smoothed initial terrain · ◌ = detected wall gap · hover for details
Inputs per minute
— 闲人肥羊 - - howdoyouturnthison
Build order — 闲人肥羊
First 150 of 333 actions detected
| 0:01 | Create | Villager (Male) |
| 0:01 | Create | Villager (Male) |
| 0:01 | Create | Villager (Male) |
| 0:02 | Build | House |
| 0:03 | Build | House |
| 0:09 | Create | Villager (Male) |
| 0:32 | Build | Barracks |
| 1:20 | Create | Villager (Male) |
| 1:20 | Create | Villager (Male) |
| 1:40 | Create | Unit 2550 |
| 2:07 | Create | Villager (Male) |
| 2:08 | Create | Villager (Male) |
| 2:25 | Create | Villager (Male) |
| 2:50 | Build | Palisade Wall |
| 2:56 | Create | Villager (Male) |
| 3:28 | Create | Villager (Male) |
| 3:46 | Create | Villager (Male) |
| 3:58 | Create | Unit 2550 |
| 4:09 | Build | House |
| 4:21 | Research | Loom |
| 4:21 | Research | Loom |
| 4:22 | Create | Villager (Male) |
| 4:31 | Create | Unit 2550 |
| 4:58 | Create | Villager (Male) |
| 5:02 | Build | House |
| 5:32 | Create | Villager (Male) |
| 5:52 | Create | Villager (Male) |
| 6:21 | Create | Villager (Male) |
| 6:48 | Create | Villager (Male) |
| 6:52 | Build | Settlement |
| 7:18 | Create | Villager (Male) |
| 7:36 | Create | Villager (Male) |
| 7:37 | Create | Villager (Male) |
| 8:18 | Create | Villager (Male) |
| 8:18 | Create | Villager (Male) |
| 9:02 | Build | Settlement |
| 9:27 | Research | Feudal Age |
| 10:03 | Create | Unit 2550 |
| 10:11 | Build | House |
| 10:12 | Build | Palisade Wall |
| 10:24 | Create | Unit 2550 |
| 11:05 | Create | Villager (Male) |
| 11:37 | Age | Feudal Age |
| 11:41 | Build | Archery Range |
| 11:43 | Build | Blacksmith |
| 11:52 | Research | Tech 1402 |
| 11:57 | Research | Double-Bit Axe |
| 11:57 | Create | Villager (Male) |
| 12:14 | Create | Villager (Male) |
| 12:17 | Build | Farm |
| 12:38 | Build | Farm |
| 12:45 | Build | House |
| 12:49 | Create | Archer |
| 12:49 | Create | Archer |
| 12:52 | Create | Villager (Male) |
| 12:54 | Build | Farm |
| 13:16 | Create | Villager (Male) |
| 13:19 | Build | Farm |
| 13:26 | Create | Archer |
| 13:29 | Build | House |
| 13:47 | Build | Farm |
| 13:48 | Build | Farm |
| 13:51 | Create | Villager (Male) |
| 14:01 | Build | Farm |
| 14:05 | Build | Farm |
| 14:08 | Create | Villager (Male) |
| 14:09 | Create | Archer |
| 14:20 | Research | Fletching |
| 14:20 | Research | Fletching |
| 14:25 | Create | Archer |
| 14:31 | Build | Farm |
| 14:36 | Build | House |
| 14:38 | Build | Palisade Wall |
| 14:38 | Create | Villager (Male) |
| 14:54 | Create | Villager (Male) |
| 14:57 | Create | Archer |
| 15:15 | Build | Palisade Wall |
| 15:17 | Build | Palisade Wall |
| 15:19 | Create | Villager (Male) |
| 15:20 | Create | Archer |
| 15:33 | Create | Archer |
| 15:53 | Create | Villager (Male) |
| 16:05 | Create | Villager (Male) |
| 16:08 | Build | Settlement |
| 16:22 | Build | Farm |
| 16:23 | Build | Farm |
| 16:41 | Create | Villager (Male) |
| 16:53 | Build | Farm |
| 17:05 | Create | Villager (Male) |
| 17:07 | Build | Farm |
| 17:11 | Create | Villager (Male) |
| 17:32 | Build | Market |
| 17:48 | Create | Villager (Male) |
| 18:34 | Research | Castle Age |
| 18:50 | Build | House |
| 19:19 | Research | Horse Collar |
| 19:20 | Research | Stone Mining |
| 20:07 | Build | Settlement |
| 20:58 | Build | House |
| 21:05 | Create | Villager (Male) |
| 21:14 | Age | Castle Age |
| 21:23 | Build | Castle |
| 21:24 | Research | Bodkin Arrow |
| 21:42 | Build | University |
| 21:42 | Create | Villager (Male) |
| 21:44 | Build | House |
| 21:59 | Create | Villager (Male) |
| 22:18 | Build | House |
| 22:24 | Build | Settlement |
| 22:26 | Create | Unit 2579 ×3 |
| 22:28 | Create | Villager (Male) |
| 22:53 | Research | Ballistics |
| 22:54 | Create | Villager (Male) |
| 23:02 | Create | Unit 2579 |
| 23:12 | Create | Unit 2579 |
| 23:24 | Create | Unit 2579 |
| 23:25 | Create | Villager (Male) |
| 23:25 | Create | Villager (Male) |
| 23:43 | Create | Unit 2579 |
| 23:44 | Create | Villager (Male) |
| 23:44 | Create | Villager (Male) |
| 23:56 | Create | Unit 2579 |
| 24:05 | Create | Unit 2579 |
| 24:12 | Create | Villager (Male) |
| 24:20 | Build | Town Center |
| 24:31 | Create | Unit 2579 ×2 |
| 24:32 | Create | Villager (Male) |
| 24:50 | Create | Unit 2579 |
| 24:57 | Create | Villager (Male) |
| 25:01 | Create | Unit 2579 ×3 |
| 25:04 | Create | Villager (Male) |
| 25:19 | Create | Unit 2579 |
| 25:28 | Create | Villager (Male) |
| 25:51 | Create | Unit 2579 ×3 |
| 25:55 | Create | Villager (Male) |
| 25:55 | Create | Villager (Male) |
| 25:56 | Build | Farm |
| 25:57 | Build | Farm |
| 25:57 | Build | Farm |
| 25:57 | Build | Farm |
| 26:00 | Create | Unit 2579 |
| 26:10 | Create | Villager (Male) |
| 26:10 | Create | Villager (Male) |
| 26:19 | Build | Town Center |
| 26:31 | Create | Villager (Male) |
| 26:34 | Create | Unit 2579 ×3 |
| 26:37 | Create | Villager (Male) |
| 26:37 | Create | Villager (Male) |
| 26:53 | Build | Farm |
| 26:58 | Create | Unit 2579 ×2 |
Build order — howdoyouturnthison
First 150 of 276 actions detected
| 0:00 | Create | Villager (Male) |
| 0:01 | Create | Villager (Male) |
| 0:01 | Create | Villager (Male) |
| 0:01 | Create | Villager (Male) |
| 0:02 | Build | House |
| 0:03 | Build | House |
| 1:27 | Create | Villager (Male) |
| 1:49 | Create | Villager (Male) |
| 2:16 | Create | Villager (Male) |
| 2:44 | Create | Villager (Male) |
| 3:00 | Build | Lumber Camp |
| 3:12 | Create | Villager (Male) |
| 3:34 | Create | Villager (Male) |
| 3:51 | Create | Villager (Male) |
| 3:58 | Build | House |
| 4:24 | Create | Villager (Male) |
| 4:24 | Create | Villager (Male) |
| 4:27 | Create | Villager (Male) |
| 4:52 | Build | Mill |
| 4:53 | Create | Villager (Male) |
| 6:09 | Build | Palisade Wall |
| 6:12 | Build | Palisade Wall |
| 6:13 | Build | Palisade Wall |
| 6:16 | Build | Palisade Wall |
| 6:18 | Build | Palisade Wall |
| 6:35 | Create | Villager (Male) |
| 6:49 | Research | Loom |
| 7:04 | Build | Palisade Wall |
| 7:13 | Research | Feudal Age |
| 7:14 | Research | Feudal Age |
| 7:55 | Build | Barracks |
| 7:59 | Build | House |
| 8:31 | Build | Mining Camp |
| 8:33 | Create | Villager (Male) |
| 9:24 | Build | Palisade Wall |
| 9:30 | Build | Palisade Wall |
| 9:35 | Age | Feudal Age |
| 9:40 | Build | Archery Range |
| 9:40 | Create | Villager (Male) |
| 9:54 | Research | Double-Bit Axe |
| 9:58 | Build | Farm |
| 10:32 | Create | Villager (Male) |
| 10:38 | Create | Archer |
| 10:38 | Create | Archer |
| 10:38 | Create | Archer |
| 11:19 | Build | Farm |
| 11:22 | Create | Villager (Male) |
| 11:26 | Create | Archer |
| 11:34 | Build | House |
| 11:35 | Build | House |
| 11:53 | Build | House |
| 11:57 | Create | Spearman |
| 11:59 | Create | Militia |
| 11:59 | Create | Militia |
| 11:59 | Create | Militia |
| 12:07 | Build | House |
| 12:33 | Create | Villager (Male) |
| 12:38 | Build | Farm |
| 12:38 | Build | Farm |
| 12:38 | Build | Farm |
| 12:38 | Build | Farm |
| 12:39 | Build | Farm |
| 12:50 | Create | Villager (Male) |
| 13:07 | Research | Man-at-Arms (upgrade) |
| 13:10 | Build | Palisade Wall |
| 13:11 | Build | Palisade Wall |
| 13:41 | Create | Villager (Male) |
| 14:01 | Build | House |
| 14:02 | Build | House |
| 14:03 | Build | House |
| 14:14 | Build | House |
| 14:15 | Create | Villager (Male) |
| 14:17 | Build | Farm |
| 14:21 | Build | Farm |
| 14:36 | Build | Blacksmith |
| 14:41 | Build | Palisade Wall |
| 14:42 | Create | Villager (Male) |
| 14:55 | Build | Farm |
| 15:12 | Create | Villager (Male) |
| 15:30 | Create | Villager (Male) |
| 15:35 | Build | Farm |
| 15:38 | Build | Farm |
| 15:38 | Build | Farm |
| 15:39 | Build | Farm |
| 15:53 | Create | Villager (Male) |
| 16:00 | Create | Skirmisher |
| 16:00 | Create | Skirmisher |
| 16:00 | Create | Skirmisher |
| 16:17 | Create | Skirmisher |
| 16:22 | Create | Villager (Male) |
| 16:32 | Build | Farm |
| 16:39 | Build | House |
| 16:42 | Create | Villager (Male) |
| 17:10 | Create | Skirmisher |
| 17:13 | Create | Villager (Male) |
| 17:15 | Build | Farm |
| 17:16 | Build | Farm |
| 17:23 | Build | Palisade Wall |
| 17:24 | Create | Villager (Male) |
| 17:30 | Create | Skirmisher |
| 17:52 | Create | Skirmisher |
| 17:56 | Research | Fletching |
| 17:56 | Research | Fletching |
| 18:00 | Build | Farm |
| 18:29 | Create | Villager (Male) |
| 18:36 | Create | Archer |
| 18:38 | Create | Archer |
| 18:39 | Create | Villager (Male) |
| 18:42 | Build | Farm |
| 18:44 | Build | Farm |
| 18:51 | Build | House |
| 18:55 | Create | Villager (Male) |
| 19:37 | Create | Villager (Male) |
| 19:42 | Build | Lumber Camp |
| 19:42 | Create | Villager (Male) |
| 19:52 | Create | Skirmisher |
| 19:58 | Research | Padded Archer Armor |
| 19:58 | Research | Padded Archer Armor |
| 19:59 | Create | Villager (Male) |
| 20:01 | Create | Villager (Male) |
| 20:17 | Create | Villager (Male) |
| 20:19 | Build | Farm |
| 20:30 | Build | Farm |
| 20:38 | Create | Archer |
| 20:51 | Create | Villager (Male) |
| 21:08 | Build | Mining Camp |
| 21:32 | Create | Villager (Male) |
| 21:35 | Create | Villager (Male) |
| 22:11 | Create | Villager (Male) |
| 22:24 | Create | Archer |
| 22:35 | Build | Market |
| 23:30 | Research | Castle Age |
| 23:43 | Create | Skirmisher |
| 23:44 | Create | Skirmisher |
| 25:00 | Create | Skirmisher |
| 25:11 | Create | Villager (Male) |
| 25:24 | Research | Gold Mining |
| 25:51 | Create | Skirmisher |
| 25:51 | Create | Skirmisher |
| 25:55 | Create | Villager (Male) |
| 26:10 | Age | Castle Age |
| 26:14 | Research | Elite Skirmisher (upgrade) |
| 26:16 | Research | Bodkin Arrow |
| 26:25 | Create | Skirmisher |
| 26:26 | Create | Skirmisher |
| 26:30 | Build | Farm |
| 26:40 | Research | Leather Archer Armor |
| 26:40 | Research | Leather Archer Armor |
| 26:43 | Create | Skirmisher |
| 26:46 | Build | Farm |
Match timeline
| 0:32 | 闲人肥羊 · first_building Barracks |
| 2:50 | 闲人肥羊 · wall_segment Palisade Wall x1 |
| 6:09 | howdoyouturnthison · wall_segment Palisade Wall x1 |
| 6:12 | howdoyouturnthison · wall_segment Palisade Wall x1 |
| 6:13 | howdoyouturnthison · wall_segment Palisade Wall x1 |
| 6:16 | howdoyouturnthison · wall_segment Palisade Wall x1 |
| 6:18 | howdoyouturnthison · wall_segment Palisade Wall x1 |
| 7:04 | howdoyouturnthison · wall_segment Palisade Wall x1 |
| 7:55 | howdoyouturnthison · first_building Barracks |
| 9:24 | howdoyouturnthison · wall_segment Palisade Wall x1 |
| 9:30 | howdoyouturnthison · wall_segment Palisade Wall x1 |
| 9:35 | howdoyouturnthison · age_up feudal |
| 9:40 | howdoyouturnthison · first_building Archery Range |
| 10:12 | 闲人肥羊 · wall_segment Palisade Wall x3 |
| 11:37 | 闲人肥羊 · age_up feudal |
| 11:41 | 闲人肥羊 · first_building Archery Range |
| 13:10 | howdoyouturnthison · wall_segment Palisade Wall x1 |
| 13:11 | howdoyouturnthison · wall_segment Palisade Wall x1 |
| 14:38 | 闲人肥羊 · wall_segment Palisade Wall x11 |
| 14:41 | howdoyouturnthison · wall_segment Palisade Wall x16 |
| 15:15 | 闲人肥羊 · wall_segment Palisade Wall x5 |
| 15:17 | 闲人肥羊 · wall_segment Palisade Wall x14 |
| 17:23 | howdoyouturnthison · wall_segment Palisade Wall x14 |
| 18:14 | 闲人肥羊 · first_market_sell 500 wood |
| 18:16 | 闲人肥羊 · first_market_buy 100 food |
| 21:14 | 闲人肥羊 · age_up castle |
| 21:23 | 闲人肥羊 · first_building Castle |
| 26:10 | howdoyouturnthison · age_up castle |
| 27:02 | howdoyouturnthison · first_building Castle |
| 31:58 | 闲人肥羊 · first_building Monastery |
| 33:07 | howdoyouturnthison · first_market_buy 100 food |
| 33:10 | howdoyouturnthison · first_building Stable |
| 37:04 | 闲人肥羊 · age_up imperial |
| 37:39 | howdoyouturnthison · first_building Siege Workshop |
| 39:26 | howdoyouturnthison · resign |
[ AI ANALYSIS · 1 CREDIT ]
What really happened in this match?
Wolo.gg analyzes every decision: build order, eco, micro, common mistakes by bracket. Personalized analysis on WhatsApp or Discord in 30 seconds.
Civ guide
Tupi
Perfil
Jugador #24924483